 Dungeon Crawl Stone Soup version 0.30.0-29-ga12c61a403 (webtiles) character file.

Game seed: 6261661524197465446

377 DildoBatman the Conjurer (level 7, 0/51 HPs)
             Began as a Formicid Conjurer on June 8, 2023.
             Was an Initiate of Kikubaaqudgha.
             Slain by a killer bee (6 damage)
             ... on level 7 of the Dungeon.
             The game lasted 00:10:39 (3495 turns).

DildoBatman the Conjurer (Formicid Conjurer)        Turns: 3495, Time: 00:10:39

Health: 0/51       AC:  3    Str: 10 (11) XL:     7   Next: 4%
Magic:  2/12       EV: 12    Int: 19 (20) God:    Kikubaaqudgha [......]
Gold:   175        SH:  0    Dex: 10 (12) Spells: 10/13 levels left

rFire   + + .        t - +4 dagger of Aklymi {pain, *Slow Fragile rF++ Will+++}
rCold   . . .        (no shield)
rNeg    . . .        d - +0 robe
rPois   .            (helmet unavailable)
rElec   .            u - +0 cloak
rCorr   .            (no gloves)
SInv    +            (no boots)
Will    +++..        (no amulet)
Stlth   ++           (no ring)
HPRegen 0.28/turn    (no ring)
MPRegen 0.13/turn

%: slow self (1%)
@: lethally poisoned (0 -> -3)
A: permanent stasis, dig shafts and tunnels, antennae 3, four strong arms
a: Dig, Shaft Self, Renounce Religion


You were on level 7 of the Dungeon.
You worshipped Kikubaaqudgha.
Kikubaaqudgha was noncommittal.
You visited 2 branches of the dungeon, and saw 8 of its levels.

You collected 175 gold pieces.

Inventory:

Hand Weapons
 a - a +2 dagger of venom
 b - a +2 dagger of speed
 t - the +4 dagger of Aklymi (weapon) {pain, *Slow Fragile rF++ Will+++}
   (You found it on level 4 of the Dungeon)

   rF:        It greatly protects you from fire.
   *Slow:     It may slow you when you take damage.
   Fragile:   It will be destroyed if unequipped.
   Will:      It greatly increases your willpower.
Missiles
 r - 6 boomerangs
Armour
 d - a +0 robe (worn)
 u - a +0 cloak (worn)
Scrolls
 c - 2 scrolls of poison {unknown}
 e - 2 scrolls of enchant armour {unknown}
 g - a scroll of amnesia {unknown}
 k - 2 scrolls of noise
 o - a scroll of identify
 p - a scroll of brand weapon {unknown}
 s - a scroll of vulnerability {unknown}
 v - a scroll of teleportation {unknown}
 w - 2 scrolls of fog {unknown}
 x - a scroll of enchant weapon {unknown}
Potions
 f - a potion of magic
 h - 2 potions of berserk rage {unknown}
 i - a potion of heal wounds
 j - a potion of attraction {unknown}
 m - a potion of haste {unknown}
 n - 3 potions of degeneration
 q - a potion of mutation {unknown}


   Skills:
 * Level 2.9 Fighting
 * Level 3.0 Armour
 - Level 3.0 Dodging
 - Level 3.0 Stealth
 * Level 3.7 Spellcasting
 * Level 4.4 Conjurations


You had 10 spell levels left.
You knew the following spells:

 Your Spells              Type           Power      Damage    Failure   Level
a - Searing Ray           Conj           40%        2d5       3%          2
c - Magic Dart            Conj           80%        1d7       2%          1

Your spell library contained the following spells:

 Spells                   Type           Power      Damage    Failure   Level
 Freeze                   Ice            12%        1d3       14%         1
 Dazzling Flash           Conj/Hex       24%        N/A       17%         3
 Hailstorm                Conj/Ice       12%        3d5       17%         3
 Frozen Ramparts          Ice            6%         1d1       38%         3
 Volatile Blastmotes      Fire/Tloc      6%         2d10      38%         3
 Fulminant Prism          Conj/Hex       6%         3d6       50%         4
 Iskenderun's Mystic Bla  Conj/Tloc      12%        2d5       50%         4
 Lee's Rapid Deconstruct  Erth           1%         3d4*      98%         5


Dungeon Overview and Level Annotations

Branches:
Dungeon (7/15)             Temple (1/1) D:6

Altars:
Ashenzari
Cheibriados
Dithmenos
Elyvilon
Fedhas
Gozag
Hepliaklqana
Kikubaaqudgha
Makhleb
Nemelex Xobeh
Okawaru
Qazlal
Ru
Sif Muna
Trog
Uskayaw
Vehumet
Wu Jian
Xom
Yredelemnul
Zin
The Shining One

Shops:
D:1 !


Innate Abilities, Weirdness & Mutations

You cannot be hasted, slowed, berserked, paralysed or teleported.
You can dig through walls and to a lower floor.
You have a pair of large antennae on your head. (SInv)
Your four strong arms can wield two-handed weapons with a shield.


Message History

The killer bee buzzes angrily.
You hear an angry buzzing noise.
A killer bee comes into view. x3
You feel sick.
You feel sick.
You feel sick.
You are no longer poisoned.
The killer bee stings you!
You are lethally poisoned!
The killer bee poisons you!
You feel much better.
You feel sick. The killer bee barely misses you. The killer bee stings you.
You are more poisoned.
The killer bee poisons you!
You feel sick.
The killer bee stings you but does no damage.
You feel sick. The killer bee stings you.
Casting: Searing Ray (safe; 3% risk of failure)
Confirm with . or Enter, or press ? or * to list all spells.
Aiming: Searing Ray (safe; 3% risk of failure)
Press: ? - help, Shift-Dir - straight line, f - killer bee
Aim: a killer bee (55% to hit)
The searing ray hits the killer bee.
The killer bee is moderately wounded.
The searing ray misses the killer bee. (Press . to maintain the ray.)
You feel sick. The killer bee stings you! The killer bee barely misses you.
The searing ray misses the killer bee.
The searing ray hits the killer bee.
The killer bee is moderately wounded.
You feel sick. The killer bee barely misses you. The killer bee stings you.
You die...
Kikubaaqudgha rasps: "You have failed me!
Welcome... death!"

###########********
#yy@.......,,,,,,,*
#.##########,,***,*
#.#......!.#,,* *,*
#.......{..#,,* *,*
#####.....{y...,* *,**
#......###{...#,* *,,,
#.†.#..###,#..y,******
#.........,,,.y,,,,,,*
##.#..)#.#.#,,.,*,**,*


You could see 2 killer bees.

Vanquished Creatures
  A water moccasin (D:7)
  An orc priest (D:4)
  An iguana (D:4)
  3 orc wizards
  4 adders
  A white imp (D:6)
  4 worms
  A dart slug (D:1)
  11 orcs
  5 endoplasms
  4 giant cockroaches
  6 goblins
  10 hobgoblins
  2 jackals (D:1)
  4 kobolds
  2 quokkas (D:4)
  7 ball pythons
  6 bats
  4 frilled lizards
  6 rats
83 creatures vanquished.

Vanquished Creatures (others)
  An ufetubus (D:6)
1 creature vanquished.

Grand Total: 84 creatures vanquished

Notes
Turn   | Place    | Note
-------+----------+-------------------------------------------
     0 | D:1      | DildoBatman the Formicid Conjurer began the quest for the
                  | Orb.
     0 | D:1      | Reached XP level 1. HP: 13/13 MP: 3/3
    30 | D:1      | Found Haos Dia's Distillery.
    78 | D:1      | Reached XP level 2. HP: 17/19 MP: 1/5
   342 | D:1      | Reached skill level 1 in Armour
   351 | D:1      | Reached XP level 3. HP: 20/25 MP: 1/6
   354 | D:1      | Learned a level 2 spell: Searing Ray
   465 | D:1      | Reached skill level 1 in Fighting
   544 | D:1      | Found a faded altar of an unknown god.
   906 | D:2      | Reached XP level 4. HP: 28/32 MP: 4/7
  1823 | D:3      | Found a snail-covered altar of Cheibriados.
  1838 | D:3      | Reached XP level 5. HP: 38/38 MP: 5/9
  1843 | D:3      | Found a hazy altar of Hepliaklqana.
  1867 | D:3      | Reached skill level 4 in Conjurations
  1991 | D:4      | Reached XP level 6. HP: 31/44 MP: 1/10
  2273 | D:4      | Identified the +4 dagger of Aklymi {pain, *Slow Fragile
                  | rF++ Will+++}
  2969 | D:5      | Entered Level 5 of the Dungeon
  3036 | D:6      | Found a staircase to the Ecumenical Temple.
  3045 | Temple   | Entered the Ecumenical Temple
  3253 | Temple   | Became a worshipper of Kikubaaqudgha
  3416 | D:6      | Noticed an orc warrior
  3439 | D:6      | Noticed a steam dragon
  3459 | D:6      | You fall into a shaft and drop 1 floor!
  3462 | D:7      | Noticed a water moccasin
  3479 | D:7      | Killed a water moccasin
  3480 | D:7      | Reached XP level 7. HP: 20/51 MP: 3/12
  3490 | D:7      | HP: 1/51 [killer bee (8)]
  3495 | D:7      | Slain by a killer bee

Illustrated notes

Levels and vault maps discovered:
D:1:      wander_arrival_peaceful_grave, layout_loops_cross, serial_shops,
          nicolae_shop_tiny_statue_garden,
          hellmonk_ecumenical_altar_heavens_door, chequers_serial_rivers_small_b
D:2:      layout_basic
D:3:      layout_rooms, mainiacjoe_overflow_swirl, serial_park_tiny_1,
          kennysheep_decorative_pillar
D:4:      layout_basic
D:5:      layout_loops_corners, grunt_ministairs_6, saegor_snake_ambush,
          uniq_duvessa
D:6:      layout_basic, minmay_temple_entry_mist, gup_sewer_entry_spiral,
          dreamdust_princess_corridor, uniq_menkaure
D:7:      layout_basic
Temple:   nicolae_temple_bog_church

Skill      XL: |  1  2  3  4  5  6 |
---------------+-------------------+-----
Dodging        | 2 3 |  3.0
Armour         | 1 2 3 |  3.0
Fighting       | 1 2 |  2.9
Stealth        | 3 |  3.0
Conjurations   | 4 |  4.4
Spellcasting   | 3 |  3.7

Action                     |  1- 3 |  4- 6 |  7- 9 || total
---------------------------+-------+-------+-------++-------
  Melee: Dagger            |    66 |    44 |       ||   110
         Punch             |     1 |       |       ||     1
   Cast: Magic Dart        |    25 |    22 |       ||    47
         Searing Ray       |     2 |    24 |     1 ||    27
Ability: Shaft Self        |       |     1 |       ||     1
    Use: Scroll            |       |     4 |       ||     4
         Potion            |       |     3 |     1 ||     4
   Stab: Sleeping          |     5 |     1 |       ||     6
 Armour: Robe              |    15 |    14 |     1 ||    30
  Dodge: Dodged            |    48 |    57 |     3 ||   108
